 Dungeon Crawl Stone Soup version 0.30.1-9-gdf580d7c3d (webtiles) character file.

Game seed: 13144611729749369464

322 monsoonserge the Grasshopper (level 6, -5/46 HPs)
             Began as a Demonspawn Warper on Oct 7, 2023.
             Killed from afar by an orc wizard (9 damage)
             ... with a magic dart
             ... on level 4 of the Dungeon.
             The game lasted 00:10:57 (3568 turns).

monsoonserge the Grasshopper (Demonspawn Warper)    Turns: 3568, Time: 00:10:57

Health: -5/46      AC:  6    Str: 11    XL:     6   Next: 22%
Magic:  7/9        EV: 10    Int: 17    God:
Gold:   98         SH:  0    Dex: 14    Spells: 7/9 levels left

rFire   + . .        a - +0 falchion
rCold   . . .        (no shield)
rNeg    . . .        l - +1 ring mail {rF+}
rPois   +            (no helmet)
rElec   .            (no cloak)
rCorr   .            (no gloves)
SInv    .            (no boots)
Will    .....        (no amulet)
Stlth   ++           q - ring of poison resistance
HPRegen 0.27/turn    (no ring)
MPRegen 0.11/turn

%: no passive effects
@: on blink cooldown
A: hooves 1, thin skeletal structure 1, powered by death 1, condensation shield
a: no special abilities


You were on level 4 of the Dungeon.
You visited 1 branch of the dungeon, and saw 5 of its levels.

You collected 146 gold pieces.
You spent 48 gold pieces at shops.

Inventory:

Hand Weapons
 a - a +0 falchion (weapon)
 u - a +0 sling
Missiles
 d - 2 boomerangs (quivered)
 s - 6 boomerangs of dispersal
Armour
 l - a +1 ring mail of fire resistance (worn)
Jewellery
 q - a ring of poison resistance (left hand)
Scrolls
 b - a scroll of poison
 c - a scroll of blinking
 f - 2 scrolls of teleportation
 g - a scroll of butterflies
 h - a scroll of enchant weapon {unknown}
 t - a scroll of enchant armour {unknown}
Potions
 e - 2 potions of curing
 i - a potion of haste {unknown}
 j - a potion of magic {unknown}
 n - 4 potions of might {unknown}
 o - a potion of lignification {unknown}
 p - 2 potions of cancellation
 r - 2 potions of flight


   Skills:
 + Level 2.8 Fighting
 * Level 3.7 Long Blades
 + Level 1.0 Throwing
 + Level 2.9 Armour
 + Level 2.1 Dodging
 - Level 0.1 Shields
 - Level 2.0 Spellcasting
 * Level 3.8 Translocations


You had 7 spell levels left.
You knew the following spells:

 Your Spells              Type           Power      Damage    Failure   Level
a - Blink                 Tloc           28%        N/A       14%         2

Your spell library contained the following spells:

 Spells                   Type           Power      Damage    Failure   Level
 Lesser Beckoning         Tloc           28%        N/A       14%         2
 Teleport Other           Tloc           14%        N/A       26%         3
 Beastly Appendage        Tmut           2%         N/A       41%         1
 Vhi's Electric Charge    Tloc/Air       16%        N/A       52%         3
 Sublimation of Blood     Necr           1%         N/A       54%         2
 Wereblood                Tmut           1%         N/A       54%         2
 Manifold Assault         Tloc           14%        N/A       65%         4
 Spider Form              Tmut/Pois      1%         N/A       78%         3
 Summon Hydra             Summ           0%         N/A       100%        7


Dungeon Overview and Level Annotations

Branches:
Dungeon (5/15)
 Temple: D:4-7

Altars:
Xom

Shops:
D:3 ?

Annotations:
D:5 Pikel


Innate Abilities, Weirdness & Mutations

You have large cloven feet.
You have a somewhat thin skeletal structure. (Dex +2, Stealth+)
You regenerate a little health from kills.
A meltable shield of frost defends you. (SH +0)


Message History

Throw: 2 boomerangs
Press: ? - help, Q - select action, (/) - cycle Shift-Dir - straight line You throw a boomerang.
A magic dart appears from out of thin air!
The magic dart hits you.
You aren't carrying any items that you can evoke.
Throw: 2 boomerangs
Press: ? - help, Q - select action, (/) - cycle Shift-Dir - straight line You throw a boomerang.
Something tries to affect you, but you resist.
Unknown command.
Throw: 2 boomerangs
Press: ? - help, Q - select action, (/) - cycle Shift-Dir - straight line You throw a boomerang.
An orc comes into view. It is wielding a +0 trident of flaming.
Unknown command.
The orc shouts!
You hit something but do no damage. Your kick misses something.
Something hits you but does no damage.
You closely miss something. Something hits you but does no damage.
The orc closely misses you.
You hit something. Your kick misses something.
Something hits you but does no damage. The orc closely misses you.
You closely miss something. Something hits you but does no damage.
The orc hits you from afar with a +0 trident of flaming.
* * * LOW HITPOINT WARNING * * *
Your condensation shield dissipates!
The orc burns you.
* * * LOW HITPOINT WARNING * * *
Something hits you but does no damage.
The orc hits you from afar with a +0 trident of flaming!
* * * LOW HITPOINT WARNING * * *
The orc burns you.
* * * LOW HITPOINT WARNING * * *
Casting: Blink (safe; 14% risk of failure)
Confirm with . or Enter, or press ? or * to list all spells.
You blink.
A magic dart appears from out of thin air!
The magic dart hits you!
You die...

# ##.######. # ### #.
######### #. .........
.. ......... ..
..####### #. #.#
###########
..###.....{...######
#.........ยง.o..(@..#
#.###.#######........#
#.# #.# ######.### #)#
#.# .# #.# #.# #
..###.# ......#
#######


You could see an orc.

Vanquished Creatures
  An ogre (D:4)
  A scorpion (D:4)
  A hound (D:4)
  An iguana (D:4)
  3 adders (D:2)
  3 worms
  3 dart slugs
  2 orcs
  5 bats
  8 endoplasms
  4 giant cockroaches (D:1)
  4 goblins
  4 hobgoblins
  4 jackals (D:4)
  7 kobolds
  6 quokkas
  7 ball pythons
  4 frilled lizards
  10 rats
78 creatures vanquished.

Notes
Turn   | Place    | Note
-------+----------+-------------------------------------------
     0 | D:1      | monsoonserge the Demonspawn Warper began the quest for the
                  | Orb.
     0 | D:1      | Reached XP level 1. HP: 16/16 MP: 3/3
   184 | D:1      | Reached skill level 1 in Armour
   321 | D:1      | Gained mutation: You have large cloven feet. [demonic
                  | ancestry]
   321 | D:1      | Reached XP level 2. HP: 21/22 MP: 5/5
   463 | D:1      | Learned a level 2 spell: Blink
  1100 | D:1      | Gained mutation: A meltable shield of frost defends you.
                  | (SH +0) [demonic ancestry]
  1100 | D:1      | Reached XP level 3. HP: 10/28 MP: 6/6
  1194 | D:2      | You fall into a shaft and drop 2 floors!
  1317 | D:4      | Noticed a scorpion
  1368 | D:3      | Gained mutation: You have a somewhat thin skeletal
                  | structure. (Dex +2, Stealth+) [demonic ancestry]
  1368 | D:3      | Reached XP level 4. HP: 34/34 MP: 7/7
  2191 | D:3      | Found a shimmering altar of Xom.
  2192 | D:3      | Found a shimmering altar of Xom.
  2797 | D:3      | Found Ysmuasch's Magic Scroll Shoppe.
  2800 | D:3      | Bought a scroll of noise for 12 gold pieces
  2800 | D:3      | Bought a scroll of teleportation for 36 gold pieces
  2838 | D:3      | Reached XP level 5. HP: 39/39 MP: 8/8
  3092 | D:4      | Noticed an ogre
  3380 | D:5      | Entered Level 5 of the Dungeon
  3380 | D:5      | Noticed Pikel
  3380 | D:5      | Noticed a lemure
  3380 | D:5      | Noticed a lemure
  3380 | D:5      | Noticed a lemure
  3534 | D:4      | Killed an ogre
  3535 | D:4      | Reached skill level 1 in Throwing
  3535 | D:4      | Gained mutation: You regenerate a little health from kills.
                  | [demonic ancestry]
  3535 | D:4      | Reached XP level 6. HP: 9/46 MP: 7/9
  3568 | D:4      | Killed from afar by an orc wizard

Illustrated notes

Levels and vault maps discovered:
D:1:      dpeg_arrival_prison, layout_basic
D:2:      layout_rooms
D:3:      layout_basic, xom_redecorated, serial_shops, nicolae_shop_rolled_up
D:4:      layout_loops_ring, minmay_misc_feat_chi, minmay_misc_feat_square,
          dk_vineyard_2
D:5:      layout_cave_pools, mainiacjoe_overflow_surrounded_room,
          lemuel_round_altar, portal_sewer_entry_a, uniq_pikel

Skill      XL: |  1  2  3  4  5 |
---------------+----------------+-----
Translocations | 3 |  3.8
Armour         | 1 2 |  2.9
Long Blades    | 2 3 |  3.7
Dodging        | 2 |  2.1
Throwing       | 1 |  1.0
Fighting       | |  2.8
Shields        | |  0.1
Spellcasting   | |  2.0

Action                     |  1- 3 |  4- 6 || total
---------------------------+-------+-------++-------
  Melee: Falchion          |   116 |   133 ||   249
         Kick              |    13 |    28 ||    41
         Punch             |     2 |       ||     2
  Throw: Boomerang         |       |    11 ||    11
         Dart              |       |     5 ||     5
   Cast: Blink             |       |     3 ||     3
    Use: Scroll            |       |     5 ||     5
   Stab: Sleeping          |       |     5 ||     5
 Armour: Leather armour    |    16 |       ||    16
         Ring mail         |    24 |    41 ||    65
  Dodge: Dodged            |    59 |    49 ||   108
  Block: Other             |     4 |    23 ||    27
